 Dungeon Crawl Stone Soup version 0.31-a0-1606-g60c5cc7444 (webtiles) character file.

Game seed: 2349225245830948724

6409 GordonOverkill the Thaumaturge (level 10, -3/53 HPs)
             Began as a Spriggan Delver on Jan 8, 2024.
             Was an Elder of Vehumet.
             Slain by Fannar
             ... wielding a staff of cold
              (15 damage)
             ... on level 10 of the Dungeon.
             The game lasted 00:20:48 (12781 turns).

GordonOverkill the Thaumaturge (Spriggan Delver)   Turns: 12781, Time: 00:20:49

Health: -3/53      AC:  8    Str:  8    XL:     10   Next: 66%
Magic:  25/25      EV: 17    Int: 16    God:    Vehumet [****..]
Gold:   92         SH:  0    Dex: 17    Spells: 24/29 levels left

rFire   . . .        D - +2 dagger (venom)
rCold   . . .        (no shield)
rNeg    . . .        o - +0 steam dragon scales
rPois   .            (helmet restricted)
rElec   .            y - +2 cloak {Will+}
rCorr   .            (gloves unavailable)
SInv    +            (boots unavailable)
Will    ++...        e - amulet of magic regeneration
Stlth   ++++         (no ring)
HPRegen 0.28/turn    (no ring)
MPRegen 0.59/turn

%: no passive effects
@: very quick
A: very small, no large weapons, unfitting armour, see invisible, speed 3
a: Renounce Religion


You were on level 10 of the Dungeon.
You worshipped Vehumet.
Vehumet was greatly pleased with you.
You visited 2 branches of the dungeon, and saw 11 of its levels.

You collected 522 gold pieces.
You spent 430 gold pieces at shops.

Inventory:

Hand Weapons
 x - the +4 hammer "Laojeu" {elec, Dex+4}
   (You found it on level 3 of the Dungeon)

   Dex+4:     It affects your dexterity (+4).
 D - a +2 dagger of venom (weapon)
Missiles
 F - a throwing net
Armour
 m - a +1 cloak of poison resistance
 o - +0 steam dragon scales (worn)
 s - a scarf of resistance
 y - a +2 cloak of willpower (worn)
Jewellery
 e - an amulet of magic regeneration (around neck)
 G - a +4 ring of protection
Wands
 g - a wand of digging (3)
 B - a wand of acid (8)
 E - a wand of charming (4)
Scrolls
 a - 2 scrolls of enchant weapon {unknown}
 c - 2 scrolls of fog
 d - 2 scrolls of revelation
 i - 4 scrolls of fear
 k - 12 scrolls of identify {unknown}
 l - 2 scrolls of silence {unknown}
 q - a scroll of acquirement {unknown}
 r - a scroll of immolation {unknown}
 u - 3 scrolls of teleportation {unknown}
 v - 2 scrolls of vulnerability {unknown}
 w - 2 scrolls of poison {unknown}
 C - 2 scrolls of summoning {unknown}
 H - a scroll of noise {unknown}
Potions
 b - a potion of degeneration {unknown}
 f - 6 potions of haste
 h - a potion of attraction {unknown}
 j - 6 potions of curing
 n - 2 potions of heal wounds {unknown}
 p - 4 potions of cancellation
 t - a potion of mutation {unknown}
 z - 3 potions of lignification
 A - a potion of enlightenment {unknown}
 J - a potion of brilliance {unknown}
 K - a potion of invisibility
Miscellaneous
 I - a lightning rod (1/4)


   Skills:
 - Level 6.0 Fighting
 - Level 3.0 Short Blades
 - Level 2.6 Dodging
 - Level 7.2 Stealth
 - Level 10.0 Spellcasting
 + Level 7.7 Conjurations
 - Level 5.0 Air Magic
 - Level 3.0 Alchemy
 - Level 3.0 Evocations


You had 24 spell levels left.
You knew the following spells:

 Your Spells              Type           Power      Damage    Failure   Level
a - Static Discharge      Conj/Air       56%        3-6/arc   1%          2
b - Mephitic Cloud        Conj/Alch/Air  24%        N/A       1%          3

Your spell library contained the following spells:

 Spells                   Type           Power      Damage    Failure   Level
 Arcjolt                  Conj/Air       14%        1d24      5%          5


Dungeon Overview and Level Annotations

Branches:
Dungeon (10/15)            Temple (1/1) D:5            Lair (0/5) D:9
    Orc: D:9-12

Altars:
Ashenzari
Cheibriados
Dithmenos
Elyvilon
Fedhas
Gozag
Hepliaklqana
Kikubaaqudgha
Makhleb
Nemelex Xobeh
Okawaru
Qazlal
Ru
Sif Muna
Trog
Uskayaw
Vehumet
Wu Jian
Xom
Yredelemnul
Zin
The Shining One

Shops:
D:2 [

Annotations:
D:10 Fannar


Innate Abilities, Weirdness & Mutations

You are very small and have problems with some larger weapons.
You are too small for most types of armour.
You have supernaturally acute eyesight. (SInv)
You cover ground extremely quickly. (Speed+++)


Message History

K - a potion of invisibility;
f - 6 potions of haste (gained 1)
j - 5 potions of curing (gained 1);
j - 6 potions of curing (gained 1)
z - 3 potions of lignification (gained 1) Thank you for shopping at Ickusm's Distillery!
You open the door. You open the door.
There is an open door here.
Found a hand axe.
Fannar the Cold-Hearted comes into view.
They are wielding a staff of cold and wearing a +2 robe of cold resistance.
Fannar is nearby!
Fannar is nearby!
Fannar is nearby!
Fannar shouts!
Fannar hits you with a staff of cold. Fannar freezes you!
Aiming: Corrosive Bolt
Press: ? - help, Shift-Dir - straight line, f - Fannar
Aim: Fannar, wielding a staff of cold and wearing a +2 robe of cold resistance (57% to hit)
The bolt of acid misses Fannar.
Fannar completely misses you.
Aiming: Corrosive Bolt
Press: ? - help, Shift-Dir - straight line, f/p - Fannar
Aim: Fannar, wielding a staff of cold and wearing a +2 robe of cold resistance (57% to hit)
The bolt of acid hits Fannar!
The acid corrodes Fannar!
Fannar is lightly wounded.
Fannar hits you with a staff of cold. Fannar freezes you.
Fannar is nearby!
Aiming: Thunderbolt
Press: ? - help, Shift-Dir - straight line, f/p - Fannar
Aim: Fannar, wielding a staff of cold and wearing a +2 robe of cold resistance (lightly wounded, covered in acid)
The thunderbolt hits Fannar!!
Fannar is heavily wounded.
Fannar gestures wildly while chanting.
Fannar drains the heat from the surrounding environment!
* * * LOW HITPOINT WARNING * * *
Aiming: Thunderbolt
Press: ? - help, Shift-Dir - straight line, f/p - Fannar
Aim: Fannar, wielding a staff of cold and wearing a +2 robe of cold resistance (heavily wounded, covered in acid)
The thunderbolt hits Fannar!!
Fannar is severely wounded.
Fannar hits you but does no damage. Fannar freezes you!
You die...

.......####..###
#.#...##...
#......####.##<...#<.
###.####.........##...(
##........######....##.#
#.........# #..#....#
#.........# ##.......
..........### #.....##
.#..........# #..#..##
######@###..# #..###...
#e# #.....# #### #.#
####. # #.# .. #.. .#
#.. #. #.. #...


You could see Fannar (corroded).

Vanquished Creatures
  An ugly thing (D:8)
  A troll (D:9)
  A hornet (D:7)
  Grinder (D:3)
  Sigmund (D:3)
  A wyvern (D:9)
  13 yaks
  Eustachio (D:4)
  4 steam dragons
  An acid dragon (D:7)
  A sky beast (D:7)
  2 black bears (D:5)
  2 ice beasts (D:6)
  3 orc warriors
  2 centaurs
  2 kobold brigands (D:8)
  A bullfrog (D:6)
  6 scorpions
  4 howler monkeys
  2 bombardier beetles
  4 hounds
  A jelly (D:5)
  A gnoll bouda (D:6)
  An iguana (D:6)
  2 sleepcaps
  Crazy Yiuf (D:3)
  Natasha (D:3)
  6 orc wizards
  6 gnolls
  4 adders
  3 shadow imps (D:6)
  2 white imps
  3 dart slugs
  3 ribbon worms (D:2)
  23 orcs
  4 ball pythons
  4 endoplasms (D:1)
  A giant cockroach (D:2)
  5 hobgoblins
  7 jackals
  17 kobolds
  4 quokkas
  5 bats
  2 frilled lizards
  14 goblins
  3 rats
177 creatures vanquished.

Vanquished Creatures (collateral kills)
  A yak (D:8)
1 creature vanquished.

Vanquished Creatures (others)
  A yak (D:8)
1 creature vanquished.

Grand Total: 179 creatures vanquished

Notes
Turn   | Place    | Note
-------+----------+-------------------------------------------
     0 | D:5      | GordonOverkill the Spriggan Delver began the quest for the
                  | Orb.
     0 | D:5      | Reached XP level 1. HP: 11/11 MP: 2/2
     8 | D:6      | Noticed an orc wizard
    28 | D:5      | Noticed a scorpion
    80 | D:6      | Noticed a scorpion
   171 | D:6      | Noticed an ice beast
   208 | D:6      | Noticed a hound
   258 | D:7      | Noticed a steam dragon
   324 | D:6      | Noticed a bullfrog
   355 | D:6      | Noticed an orc wizard
   412 | D:5      | Noticed a jelly
   455 | D:5      | Noticed a black bear
   553 | D:5      | Noticed a bombardier beetle
   583 | D:5      | Noticed a black bear
   597 | D:5      | Found an iron altar of Okawaru.
   606 | D:5      | Reached XP level 2. HP: 12/16 MP: 3/3
   645 | D:5      | Found a staircase to the Ecumenical Temple.
   656 | Temple   | Entered the Ecumenical Temple
   671 | Temple   | Became a worshipper of Vehumet
   818 | D:5      | Reached skill level 1 in Spellcasting
  1169 | D:4      | Noticed Eustachio
  1254 | D:3      | Reached skill level 2 in Spellcasting
  1267 | D:2      | Found Pomep's Armour Shop.
  1395 | D:1      | Reached XP level 3. HP: 20/20 MP: 7/7
  1618 | D:1      | Found a faded altar of an unknown god.
  1709 | D:1      | Reached skill level 3 in Spellcasting
  1898 | D:1      | Reached * piety under Vehumet
  1898 | D:1      | Offered knowledge of Kiss of Death by Vehumet.
  2281 | D:2      | Reached XP level 4. HP: 22/24 MP: 9/9
  2798 | D:3      | Noticed Grinder
  2803 | D:3      | Reached skill level 1 in Conjurations
  2804 | D:3      | Killed Grinder
  2805 | D:3      | Reached XP level 5. HP: 28/28 MP: 10/10
  2805 | D:3      | Reached XP level 6. HP: 32/32 MP: 11/11
  2843 | D:3      | Noticed Sigmund
  2868 | D:3      | Killed Sigmund
  2869 | D:3      | Reached skill level 5 in Spellcasting
  3060 | D:3      | Offered knowledge of Sting by Vehumet.
  3067 | D:3      | Reached ** piety under Vehumet
  3179 | D:3      | Noticed Natasha
  3196 | D:3      | Killed Natasha
  3197 | D:3      | Reached XP level 7. HP: 13/36 MP: 15/15
  3543 | D:3      | Identified the +4 hammer "Laojeu" {elec, Dex+4}
  3587 | D:3      | Found a runed translucent door.
  3588 | D:3      | Noticed Crazy Yiuf
  3615 | D:3      | Killed Crazy Yiuf
  4176 | D:4      | Found a white marble altar of Elyvilon.
  4182 | D:4      | Found a sacrificial altar of Ru.
  4187 | D:4      | Found a glowing golden altar of the Shining One.
  4528 | D:4      | Killed Eustachio
  4757 | D:5      | Reached XP level 8. HP: 29/42 MP: 16/16
  5101 | D:5      | Reached skill level 5 in Conjurations
  5122 | D:5      | Reached skill level 6 in Spellcasting
  5507 | D:6      | Offered knowledge of Static Discharge by Vehumet.
  5528 | D:6      | Reached skill level 7 in Spellcasting
  5594 | D:5      | Learned a level 2 spell: Static Discharge
  6037 | D:5      | Found an iron altar of Okawaru.
  6093 | D:5      | Found a staircase to the Ecumenical Temple.
  6456 | D:6      | Reached skill level 1 in Air Magic
  6888 | D:6      | Reached *** piety under Vehumet
  7353 | D:7      | Reached skill level 5 in Air Magic
  7353 | D:7      | Reached XP level 9. HP: 18/45 MP: 20/20
  8228 | D:7      | Offered knowledge of Mephitic Cloud by Vehumet.
  8622 | D:8      | Noticed a purple ugly thing
  8652 | D:8      | Killed a purple ugly thing
  8652 | D:8      | Reached **** piety under Vehumet
  8653 | D:8      | Reached skill level 8 in Spellcasting
  8657 | D:8      | Learned a level 3 spell: Mephitic Cloud
  9106 | D:8      | Reached skill level 9 in Spellcasting
  9411 | D:8      | Offered knowledge of Arcjolt by Vehumet.
  9893 | D:9      | Reached XP level 10. HP: 49/49 MP: 24/24
 10107 | D:9      | Found a staircase to the Lair.
 10406 | D:9      | Reached skill level 10 in Spellcasting
 10406 | D:9      | Reached skill level 1 in Alchemy
 11254 | D:9      | Found a staircase to the Lair.
 11849 | D:10     | Entered Level 10 of the Dungeon
 11941 | D:9      | Reached skill level 5 in Fighting
 12742 | D:10     | Found Ickusm's Distillery.
 12745 | D:10     | Bought 2 potions of cancellation for 160 gold pieces
 12745 | D:10     | Bought a potion of invisibility for 80 gold pieces
 12745 | D:10     | Bought a potion of haste for 100 gold pieces
 12745 | D:10     | Bought a potion of curing for 30 gold pieces
 12745 | D:10     | Bought a potion of curing for 30 gold pieces
 12745 | D:10     | Bought a potion of lignification for 30 gold pieces
 12772 | D:10     | Noticed Fannar
 12781 | D:10     | Slain by Fannar

Illustrated notes

Levels and vault maps discovered:
D:1:      dpeg_arrival_simpleton_c, layout_basic, ebering_ecumenical_altar_box,
          minmay_misc_feat_enclosed, kennysheep_boxes
D:2:      layout_basic, serial_shops, shop
D:3:      cheibrodos_greedy_goblins, layout_basic, serial_glass,
          glass_columns_a, glass_columns_a, glass_columns_a, glass_columns_a,
          glass_columns_b, glass_columns_b, glass_columns_a, glass_columns_a,
          glass_columns_a, glass_columns_a, uniq_grinder, uniq_natasha,
          uniq_crazy_yiuf_cottage, uniq_sigmund
D:4:      layout_cave_pods, minmay_overflow_temple_star_quad, uniq_eustachio
D:5:      layout_basic, mainiacjoe_overflow_concentric_impassable, temple_hall
D:6:      layout_loops_ring
D:7:      layout_basic
D:8:      layout_loops_ring, minmay_radiant
D:9:      layout_basic, lair_entry_dummy
D:10:     layout_rooms, kennysheep_orc_monster_closet_entryway, serial_shops,
          nicolae_shop_behind_doors, uniq_fannar
Temple:   hc_temple_tempest_star

Skill      XL: |  1  2  3  4  5  6  7  8  9 10 |
---------------+-------------------------------+-----
Fighting       | 3 4 6 |  6.0
Spellcasting   | 2 3 5 7 9 10 | 10.0
Short Blades   | 3 |  3.0
Conjurations   | 3 4 5 7 |  7.7
Evocations     | 2 3 |  3.0
Air Magic      | 5 |  5.0
Alchemy        | 3 |  3.0
Dodging        | |  2.6
Stealth        | |  7.2

Action                     |  1- 3 |  4- 6 |  7- 9 | 10-12 || total
---------------------------+-------+-------+-------+-------++-------
  Melee: Short sword       |    11 |       |       |       ||    11
         Dagger            |    50 |    75 |   216 |    62 ||   403
         Mace              |    27 |       |    13 |       ||    40
         Punch             |       |       |    10 |       ||    10
   Cast: Static Discharge  |       |       |    58 |    34 ||    92
         Mephitic Cloud    |       |       |       |     2 ||     2
  Evoke: Wand              |       |       |     7 |     2 ||     9
         Lightning rod     |       |       |       |     6 ||     6
    Use: Potion            |       |       |     1 |       ||     1
   Stab: Sleeping          |    19 |    10 |    14 |     4 ||    47
 Armour: Robe              |    22 |    25 |    99 |       ||   146
         Steam dragon scal |       |       |    76 |   111 ||   187
  Dodge: Dodged            |    57 |    40 |   225 |   111 ||   433

Table legend: (Time is in decaauts)
 A = Elapsed time spent in this place.
 B = Non-inter-level travel time spent in this place.
 C = Inter-level travel time spent in this place.
 D = Time resting spent in this place.
 E = Time spent auto-exploring this place.
 F = Levels seen in this place.
 G = Mean time per level.
                   A        B        C        D        E       F      G
               +--------+--------+--------+--------+--------+-----+--------+
         Total |   9159 |   8630 |    529 |   2800 |   3998 |  11 |  832.6 |
       Dungeon |   9139 |   8627 |    512 |   2800 |   3998 |  10 |  913.9 |
        Temple |     19 |      3 |     16 |      0 |      0 |   1 |   19.0 |
               +--------+--------+--------+--------+--------+-----+--------+

Top non-repeatable levels by time:
     D:9: 1890 daAuts
     D:5: 1679 daAuts
     D:6: 1243 daAuts
     D:7: 845 daAuts
     D:8: 759 daAuts
     D:3: 757 daAuts
     D:4: 689 daAuts
     D:2: 503 daAuts
     D:1: 408 daAuts
    D:10: 363 daAuts
  Temple: 19 daAuts
